 Dungeon Crawl Stone Soup version 0.25-a0-842-g81a31cfd23 (webtiles) character file.

Game seed: 5996509367590814596, levelgen mode: deterministic

1498860 Flugkiller the Acrobat (level 25, 162/164 HPs)
             Began as a Deep Elf Wanderer on Apr 24, 2020.
             Was a Follower of Uskayaw.
             Escaped with the Orb
             ... and 3 runes!
             The game lasted 04:39:40 (85727 turns).

Flugkiller the Acrobat (Deep Elf Wanderer)         Turns: 85727, Time: 04:39:40

Health: 162/164    AC: 26    Str: 17    XL:     25   Next: 98%
Magic:  38/44      EV: 26    Int: 37    God:    Uskayaw [*.....]
Gold:   3173       SH: 14    Dex: 19    Spells: 3/54 levels left

rFire    + + +     SeeInvis +   Y - +8 arc blade {discharge, rElec}
rCold    + + +     Gourm    .   D - +0 kite shield {rC+}
rNeg     + . .     Faith    +   U - +7 Kryia's mail coat {PotionHeal*2 rC+}
rPois    +         Spirit   .   R - +2 hat "Juxziat" {rElec rF+}
rElec    +         Reflect  .   m - +1 cloak "Aninez" {rN+ Int+5}
rCorr    .         Harm     .   I - +1 pair of gloves of the Several Wars {Int+4}
MR       +++..                  d - +2 pair of boots {run}
Stlth    +.........             C - amulet of faith
HPRegen  0.37/turn              i - ring of Kumocien {Ice Str+10}
MPRegen  0.29/turn              e - ring "Kul Qoan" {rPois rF+++ MR+ Str-2 Dex+3}

@: very slightly contaminated, quick
A: see invisible, mutation resistance 1
0: Orb of Zot
}: 3/15 runes: decaying, abyssal, gossamer
a: Stomp, Renounce Religion


You escaped.
You worshipped Uskayaw.
Uskayaw was pleased with you.
You were not hungry.

You visited 10 branches of the dungeon, and saw 49 of its levels.
You visited the Abyss 3 times.
You visited 1 bazaar.
You also visited: Gauntlet, Volcano and Wizlab.

You collected 8112 gold pieces.
You spent 4939 gold pieces at shops.

Inventory:

Hand Weapons
 G - a +9 quick blade of flaming
   (You acquired it on level 2 of the Depths)
 Y - the +8 arc blade (weapon) {discharge, rElec}
   (You took it off Nikola on level 2 of the Elven Halls)

   It insulates you from electricity.
Missiles
 M - 2 throwing nets (quivered)
Armour
 d - a +2 pair of boots of running (worn)
   (You found it in a volcano)
 k - the +2 hood of the Assassin {Detection Stab+ Stlth++}
   (You found it on level 3 of the Elven Halls)

   It makes you much more stealthy.
 m - the +1 cloak "Aninez" (worn) {rN+ Int+5}
   (You bought it in a shop on level 5 of the Dungeon)

   It affects your intelligence (+5).
   It protects you from negative energy.
 D - a +0 kite shield of cold resistance (worn)
   (You found it in a Gauntlet)
 I - the +1 pair of gloves of the Several Wars (worn) {Int+4}
   (You acquired it on level 1 of the Swamp)

   It affects your intelligence (+4).
 R - the +2 hat "Juxziat" (worn) {rElec rF+}
   (You found it in a Gauntlet)

   It protects you from fire.
   It insulates you from electricity.
 T - the +0 pair of gloves of the Ladybird {MR+ Dex-5 Slay+5 Stlth+}
   (You found it on level 1 of the Spider Nest)

   It affects your dexterity (-5).
   It affects your accuracy and damage with ranged weapons and melee attacks
   (+5).
   It affects your resistance to hostile enchantments.
   It makes you more stealthy.
 U - the +7 Kryia's mail coat (worn) {PotionHeal*2 rC+}
   (You took it off a minotaur in a Gauntlet)

   It protects you from cold.
Jewellery
 e - the ring "Kul Qoan" (right hand) {rPois rF+++ MR+ Str-2 Dex+3}
   (You bought it in a shop on level 1 of the Vaults)

   [ring of protection from magic]

   It affects your strength (-2).
   It affects your dexterity (+3).
   It renders you almost immune to fire.
   It protects you from poison.
   It affects your resistance to hostile enchantments.
 i - the ring of Kumocien (left hand) {Ice Str+10}
   (You found it in a Gauntlet)

   [ring of ice]

   It enhances your ice magic.
   It affects your strength (+10).
   It makes you vulnerable to fire.
   It protects you from cold.
 x - an uncursed amulet of regeneration
   (You found it on level 1 of the Abyss)
 y - an uncursed ring of protection from magic
   (You found it on level 14 of the Dungeon)
 C - an amulet of faith (around neck)
   (You took it off a wizard on level 1 of the Vaults)
 J - the ring of Leuxac {AC+5 Int+3}
   (You took it off a deep elf death mage on level 3 of the Elven Halls)

   [ring of protection]

   It affects your AC (+5).
   It affects your intelligence (+3).
Wands
 b - a wand of digging (13)
   (You found it on level 13 of the Dungeon)
 h - a wand of paralysis (12)
   (You found it on level 3 of the Spider Nest)
 q - a wand of scattershot (7)
   (You found it on level 2 of the Lair of Beasts)
 B - a wand of clouds (5)
   (You took it off a deep elf archer on level 3 of the Elven Halls)
 N - a wand of iceblast (60)
   (You found it on level 4 of the Lair of Beasts)
 V - a wand of acid (16)
   (You found it on level 5 of the Depths)
Scrolls
 c - 19 scrolls of identify
 o - 8 scrolls of amnesia
 p - a scroll of magic mapping
 r - 4 scrolls of immolation
 t - 16 scrolls of teleportation
 u - 5 scrolls of fog
 v - 29 scrolls of remove curse
 E - 8 scrolls of summoning
 H - 3 scrolls of silence
 L - 8 scrolls of vulnerability
 O - a scroll of fear
 X - a scroll of holy word
 Z - 11 scrolls of blinking
Potions
 a - a potion of cancellation
 g - 14 potions of mutation
 j - 4 potions of resistance
 l - 16 potions of brilliance
 n - 9 potions of haste
 w - 10 potions of lignification
 z - 2 potions of ambrosia
 A - 2 potions of invisibility
 F - 8 potions of stabbing
 K - 8 potions of might
 W - 8 potions of curing
Miscellaneous
 S - a phial of floods
   (You found it in a Gauntlet)
Comestibles
 f - 27 rations


   Skills:
 - Level 18.9 Fighting
 - Level 14.0 Short Blades
   Level 3.8(4.0) Axes
   Level 1.0(2.4) Polearms
 - Level 11.0 Armour
 - Level 22.5 Dodging
 - Level 6.0 Stealth
 - Level 15.0 Shields
 - Level 15.0 Spellcasting
 - Level 15.0 Conjurations
 - Level 1.5 Charms
 - Level 12.0 Summonings
 - Level 5.3 Necromancy
 - Level 1.0 Translocations
 - Level 7.5 Fire Magic
 - Level 9.3 Earth Magic
 + Level 13.4 Invocations
 - Level 5.0 Evocations


You had 3 spell levels left.
You knew the following spells:

 Your Spells              Type           Power        Failure   Level  Hunger
a - Foxfire               Conj/Fire      ####         1%          1    None
b - Mephitic Cloud        Conj/Pois/Air  ######..     1%          3    None
c - Conjure Flame         Conj/Fire      #######.     1%          3    None
d - Inner Flame           Hex/Fire       ######..     2%          3    None
e - Iskenderun's Battles  Conj/Chrm      ######..     3%          5    None
f - Magic Dart            Conj           ####         0%          1    None
g - Orb of Destruction    Conj           #######...   6%          7    ####...
h - Borgnjor's Vile Clut  Necr/Erth      ######....   4%          5    None
i - Irradiate             Conj/Tmut      ######....   4%          5    None
j - Spellforged Servitor  Conj/Summ      #######...   11%         7    ####...
k - Leda's Liquefaction   Hex/Erth       ######....   4%          4    None
l - Summon Lightning Spi  Summ/Air       ######..     2%          4    None
q - Apportation           Tloc           #####.       2%          1    None
r - Blink                 Tloc           N/A          3%          2    None

Your spell library contained the following spells:

 Spells                   Type           Power        Failure   Level  Hunger
 Searing Ray              Conj           ######       0%          2    None
 Animate Skeleton         Necr           N/A          1%          1    None
 Infusion                 Chrm           ####         1%          1    None
 Pain                     Necr           ####         1%          1    None
 Sandblast                Erth           ######       1%          1    None
 Shock                    Conj/Air       ####         1%          1    None
 Summon Butterflies       Summ           #######.     1%          1    None
 Summon Small Mammal      Summ           ####         1%          1    None
 Call Imp                 Summ           #######.     1%          2    None
 Corpse Rot               Necr/Air       N/A          1%          2    None
 Passwall                 Tmut/Erth      ######..     1%          2    None
 Sublimation of Blood     Necr           ######....   1%          2    None
 Call Canine Familiar     Summ           #######.     1%          3    None
 Dazzling Flash           Conj/Hex       ######       1%          3    None
 Static Discharge         Conj/Air       ######..     1%          3    None
 Stone Arrow              Conj/Erth      ######       1%          3    None
 Summon Guardian Golem    Hex/Summ       ######..     1%          3    None
 Vampiric Draining        Necr           ######....   1%          3    None
 Song of Slaying          Chrm           #####...     2%          2    None
 Freeze                   Ice            ####         3%          1    None
 Sting                    Tmut/Pois      ####         3%          1    None
 Shroud of Golubria       Chrm/Tloc      #####.       3%          2    None
 Swiftness                Chrm/Air       ####....     3%          2    None
 Ensorcelled Hibernation  Hex/Ice        #####.       4%          2    None
 Poisonous Vapours        Pois/Air       ####..       4%          2    None
 Slow                     Hex            ####....     4%          2    None
 Sticks to Snakes         Tmut           ####....     4%          2    None
 Lesser Beckoning         Tloc           #####.....   7%          3    None
 Ozocubu's Armour         Chrm/Ice       ######..     8%          3    None
 Spectral Weapon          Hex/Chrm       ####....     8%          3    None
 Frozen Ramparts          Ice            #####.       10%         3    None
 Spider Form              Tmut/Pois      ####......   10%         3    None
 Tukima's Dance           Hex            ####....     10%         3    None
 Fulminant Prism          Conj/Hex       ######....   1%          4    None
 Hailstorm                Conj/Ice       #######.     1%          4    None
 Iskenderun's Mystic Bla  Conj/Tloc      ######..     1%          4    None
 Bolt of Magma            Conj/Fire/Erth #######...   1%          5    None
 Lee's Rapid Deconstruct  Erth           #######...   1%          5    None
 Summon Demon             Summ           #######...   1%          5    None
 Summon Ice Beast         Ice/Summ       #######.     2%          4    None
 Animate Dead             Necr           N/A          3%          4    None
 Iron Shot                Conj/Erth      #######...   3%          6    None
 Shadow Creatures         Summ           N/A          3%          6    None
 Petrify                  Tmut/Erth      ######..     4%          4    None
 Lightning Bolt           Conj/Air       ######....   4%          5    None
 Starburst                Conj/Fire      #######...   4%          6    None
 Summon Forest            Summ/Tloc      ######....   6%          5    None
 Agony                    Necr           ######..     11%         5    None
 Summon Hydra             Summ           #######...   21%         7    ####...
 Conjure Ball Lightning   Conj/Air       ######....   24%         6    None
 Airstrike                Air            ####......   32%         4    None
 Cause Fear               Hex            ####......   32%         4    None
 Ice Form                 Ice/Tmut       #####...     32%         4    None
 Freezing Cloud           Conj/Ice/Air   #######...   54%         6    None
 Statue Form              Tmut/Erth      ######...    58%         6    None
 Haunt                    Necr/Summ      #######...   63%         7    ####...
 Alistair's Intoxication  Tmut/Pois      ####....     67%         5    None
 Blade Hands              Tmut           ####......   67%         5    None
 Silence                  Hex/Air        ####......   67%         5    None
 Darkness                 Hex            ####......   99%         6    None
 Eringya's Noxious Bog    Tmut/Pois      ####......   99%         6    None
 Hydra Form               Tmut           ####......   99%         6    None
 Invisibility             Hex            ####....     99%         6    None
 Ring of Flames           Chrm/Fire      ######....   99%         7    ####...
 Dragon Form              Tmut           ####......   100%        7    ####...
 Borgnjor's Revivificati  Necr           ######....   100%        8    #####..
 Death's Door             Chrm/Necr      ######....   100%        8    #####..
 Infestation              Necr           ######....   100%        8    #####..
 Necromutation            Tmut/Necr      #####.....   100%        8    #####..
 Dragon's Call            Summ           #######...   100%        9    #######


Dungeon Overview and Level Annotations

Branches:
Dungeon (15/15)            Temple (1/1) D:6            Lair (6/6) D:9
  Swamp (4/4) Lair:2       Spider (4/4) Lair:2        Slime (0/5) Lair:6
    Orc (2/2) D:10            Elf (3/3) Orc:2        Vaults (4/5) D:14
  Crypt (0/3) Vaults:2     Depths (5/5) D:15            Zot (5/5) Depths:5
Volcano (visited)          WizLab (visited)         Gauntlet (visited)

Altars:
Ashenzari
Cheibriados
Dithmenos
Elyvilon
Fedhas
Gozag
Hepliaklqana
Kikubaaqudgha
Makhleb
Nemelex Xobeh
Okawaru
Qazlal
Ru
Sif Muna
Trog
Uskayaw
Vehumet
Wu Jian
Xom
Yredelemnul
Zin
The Shining One
Beogh

Shops:
D:5 *}[?*   D:7 (   D:8 *   D:13 !   Orc:2 **}(   Elf:2 (   Vaults:1 =
Vaults:2 (   Depths:3 [

Portals:
Hell: Depths:1 Depths:2 Depths:3 Depths:4 Depths:5
Abyss: Depths:3 Depths:4
Pandemonium: Depths:3
Ziggurat: Depths:5

Annotations:
D:7 exclusion: downstairs
D:10 Harold
Lair:1 exclusion: oklob plant
Lair:5 exclusion: downstairs
Lair:6 exclusion: 2 oklob plants
Elf:2 3 runed translucent doors


Innate Abilities, Weirdness & Mutations

You have supernaturally acute eyesight. (SInv)
You are somewhat resistant to further mutation.


Message History

The +7 Kryia's mail coat enhances the healing.
You feel invigorated.
You feel less invigorated.
You feel less confused.
An Ice Fiend comes into view.
The Ice Fiend gestures at you. The bolt of cold hits you. You resist.
You climb upwards.
There is a stone staircase leading down here.
Unknown command.
Unknown command.
Unknown command.
Unknown command.
Unknown command.
(D) Dungeon (T) Temple (L) Lair (S) Swamp (N) Spider Nest (M) Slime Pits (O) Orcish Mines (E) Elven Halls (V) Vaults (C) Crypt (U) Depths (H) Hell (Z) Zot
Where to? (Enter - D:2 @ (x,y), ? - help)
What level of the Dungeon? (default 1, ? - help) You're already here!
Unknown command.
Unknown command.
A neqoxec comes into view.
Unknown command.
Casting: Orb of Destruction (dangerous; 6% risk of failure)
Confirm with . or Enter, or press ? or * to list all spells.
Aiming: Orb of Destruction (dangerous; 6% risk of failure)
Press: ? - help, Shift-Dir - straight line, f - neqoxec
Aim: a neqoxec
Casting: Orb of Destruction (dangerous; 6% risk of failure)
Confirm with . or Enter, or press ? or * to list all spells.
Aiming: Summon Lightning Spire (mildly dangerous; 2% risk of failure)
Press: ? - help, Dir - move target cursor, p - neqoxec An electric hum fills the air.
The orb of destruction hits the neqoxec!!!!
You blow up the neqoxec!
Unknown command.
Unknown command.
Evoke which item? (* to show all) (? for menu, Esc to quit)
Aiming: Dig
Press: ? - help, Shift-Dir - straight line A rock wall.
This square is covered in magical glow.
The rock shatters into small pieces.
There is an escape hatch in the floor here.
There is a staircase leading out of the dungeon here.
Unknown command.
Enter note: gg You have escaped!

#.....#.#.#.#.#)#.#.#..#
#.....#.###.#.#.###.#...
#.....#..>..#.#..>..#..#
#####.###.###.###.###...
#####...#.#.....#.#..8.#
#.....###.#######..##...
#.....#......>......#○..
#.....#.#####.##.##.#○..
##.#..#@#...#.#...#.#°..
##.##.###.###..##.###...
#....)...>#.....#>......
#.##..###.##..###.###...
#.###.#.#...#.#...#.#...
#.# #.#.#####.#####.#...
#.# #..................#
#.######...............#
#................####.##


There were no monsters in sight!

Vanquished Creatures
  6 orbs of fire (Zot:5)
  8 ancient liches (Zot:5)
  3 Killer Klowns (Zot:5)
  Saint Roka (Depths:1)
  Nikola (Elf:2)
  5 caustic shrikes (Depths:5)
  4 golden dragons
  A mutant beast (WizLab)
  A profane servitor (Depths:5)
  2 electric golems (Zot:5)
  4 bone dragons
  5 liches
  7 tentacled monstrosities
  2 Ice Fiends
  3 titans
  2 deep elf master archers (Elf:3)
  Asterion (Depths:2)
  2 deep elf blademasters (Elf:3)
  4 quicksilver dragons (Zot:4)
  25 Orb Guardians (Zot:5)
  3 sphinxes
  Gastronok (D:9)
  3 death cobs (Zot:4)
  Kirke (Spider:4)
  3 tentacled starspawn
  5 storm dragons
  A thorn hunter (Swamp:3)
  3 shadow dragons (Zot:4)
  Frances (Swamp:2)
  A tengu reaver (Depths:3)
  2 draconian monks
  Donald (Spider:3)
  4 frost giants
  3 draconian knights
  8 deep elf sorcerers (Elf:3)
  5 ghost moths
  3 emperor scorpions
  10 fire giants
  12 vault wardens
  31 very ugly things
  Aizul (Elf:3)
  5 draconian shifters
  3 draconian scorchers
  A deep elf elementalist (Elf:3)
  Louise (Depths:3)
  3 draconian annihilators
  A draconian stormcaller (Zot:4)
  9 ironheart preservers
  A reaper (Abyss:4)
  5 black draconians
  4 entropy weavers
  9 green draconians
  5 deep elf annihilators
  Nessos (Lair:5)
  14 stone giants
  2 dire elephants (Depths:4)
  The ghost of Lavandula the Fencer, a journeyman VSCK of Xom (Swamp:1)
  9 deep elf demonologists
  2 purple draconians (Zot:4)
  8 white draconians
  5 vampire knights
  A minotaur (Gauntlet)
  8 spark wasps
  4 red draconians
  5 yellow draconians
  20 ettins
  An eidolon (Abyss:3)
  15 ogre magi
  2 green deaths (Swamp:4)
  14 fire dragons
  8 deep elf death magi
  3 deep elf high priests (Elf:3)
  4 jiangshi
  2 vault guards (Vaults:3)
  6 great orbs of eyes
  8 yaktaur captains
  8 ice dragons
  4 rakshasas
  A nameless horror (Depths:5)
  15 hydras
  A ghost crab (Swamp:1)
  3 spriggan air magi
  6 shambling mangroves
  10 alligators
  2 catoblepae (Lair:6)
  14 dancing weapons
  46 two-headed ogres
  13 centaur warriors
  6 tengu warriors
  7 deep troll earth magi
  2 deep troll shamans (Depths:5)
  2 vampire magi
  3 thrashing horrors
  Urug (Orc:1)
  8 spriggan berserkers
  11 spriggans
  17 deep elf knights
  5 wretched stars
  An iron golem (WizLab)
  13 skeletal warriors
  A storm dragon zombie (Vaults:4)
  A sun demon (Abyss:2)
  A salamander mystic (Volcano)
  15 hell knights
  2 shadow wraiths
  6 glowing orange brains
  2 unseen horrors
  An unseen horror (shapeshifter) (Abyss:2)
  4 flayed ghosts
  An obsidian statue (Volcano)
  12 deep elf archers
  A spriggan druid (Swamp:1)
  8 swamp dragons
  12 deep trolls
  A lindwurm (Lair:5)
  10 ironbrand convokers
  2 phantasmal warriors
  4 wizards
  45 deep elf magi
  19 orc knights
  7 necromancers
  An orb spider (shapeshifter) (Vaults:3)
  Pikel (D:5)
  4 harpies (Vaults:2)
  5 orc sorcerers
  4 oklob plants (Lair:2)
  18 orb spiders
  A stone giant zombie (Vaults:3)
  31 wolf spiders
  A moth of wrath (shapeshifter) (WizLab)
  47 ugly things
  3 cyclopes
  4 manticores
  3 salamanders (Volcano)
  A cyclops (shapeshifter) (Vaults:4)
  An elephant (Lair:4)
  9 moths of wrath
  4 worldbinders (Abyss:3)
  A rust devil (Depths:4)
  8 black mambas
  2 black mambas (shapeshifter)
  4 salamanders (shapeshifter)
  Psyche (D:9)
  2 torpor snails (Spider:1)
  4 centaur zombies
  A fire giant skeleton (Vaults:4)
  Joseph (D:9)
  11 vault sentinels
  6 orange demons
  2 smoke demons
  4 centaur skeletons
  A gargoyle (D:14)
  A rime drake (Lair:2)
  19 spiny frogs
  22 large abominations
  4 komodo dragons
  47 yaktaurs
  A hellion (D:12)
  3 ancient zymes
  2 tormentors
  4 freezing wraiths
  11 demonic crawlers
  A hellwing (Abyss:3)
  A yaktaur (shapeshifter) (Vaults:4)
  42 jumping spiders
  2 yaktaur skeletons (Vaults:4)
  2 tengu conjurers (Depths:1)
  A queen bee (shapeshifter) (WizLab)
  A troll (shapeshifter) (Vaults:2)
  A red devil (Gauntlet)
  A silent spectre (Abyss:3)
  3 meliai (D:13)
  13 tyrant leeches
  A polar bear (Lair:2)
  9 trolls
  30 hornets
  A polar bear (shapeshifter) (WizLab)
  2 wolf spider simulacra (Gauntlet)
  A harpy zombie (Abyss:4)
  2 jumping spiders (shapeshifter)
  13 blink frogs
  27 slime creatures
  8 hippogriffs
  10 bog bodies
  A hippogriff (shapeshifter) (WizLab)
  A blink frog (shapeshifter) (Depths:2)
  22 raiju
  An air elemental (Elf:2)
  6 starcursed masses
  6 spriggans (shapeshifter)
  Sigmund (D:4)
  2 ettin skeletons
  A shapeshifter (WizLab)
  3 centaur simulacra
  33 yaks
  2 tarantellas (shapeshifter) (WizLab)
  66 redbacks
  9 wyverns (Lair:6)
  8 ynoxinuls
  A yak (shapeshifter) (WizLab)
  19 tarantellas
  3 water elementals
  2 fire elementals (Elf:3)
  6 shadows
  4 wraiths
  4 golden eyes (Abyss:3)
  3 hogs (Spider:4)
  A human (shapeshifter) (Vaults:2)
  5 fire bats (Volcano)
  2 hogs (shapeshifter) (WizLab)
  2 humans (Spider:4)
  A basilisk (Lair:4)
  33 vampire mosquitoes
  A basilisk (shapeshifter) (Vaults:4)
  2 yaktaur simulacra
  3 chaos spawn (Abyss:2)
  A hungry ghost (D:12)
  A harpy simulacrum (Gauntlet)
  3 neqoxecs
  5 wargs
  A soldier ant (shapeshifter) (WizLab)
  16 water moccasins
  2 acid dragons
  14 swamp worms
  5 floating eyes
  9 porcupines
  8 swamp drakes
  53 orc warriors
  7 sky beasts
  5 black bears
  2 eyes of draining (Abyss:2)
  2 eyes of draining (shapeshifter) (WizLab)
  An ice beast (D:14)
  An ice beast (shapeshifter) (Vaults:1)
  A slave (D:5)
  An orc zombie (Vaults:1)
  20 wolves
  An ogre (shapeshifter) (WizLab)
  2 black bears (shapeshifter) (WizLab)
  48 ogres
  10 boggarts
  2 phantoms
  3 human skeletons
  22 centaurs
  An elf simulacrum (Vaults:4)
  2 big kobolds
  15 crocodiles
  15 bullfrogs
  21 small abominations
  5 earth elementals
  A wyvern skeleton (D:14)
  A scorpion (shapeshifter) (Depths:1)
  12 scorpions
  5 killer bees (D:8)
  5 human simulacra
  8 electric eels
  2 howler monkeys (D:12)
  7 lava snakes (Volcano)
  6 crimson imps
  2 quasits
  17 orc priests
  7 hounds
  2 iron imps
  2 jellies
  31 orc wizards
  2 bullfrog skeletons
  Jessica (D:2)
  7 iguanas
  11 worker ants
  2 worker ant zombies
  2 howler monkey skeletons
  13 adders
  6 shadow imps
  3 white imps
  An ufetubus (Abyss:2)
  3 oozes
  A worm (Lair:2)
  2 dart slugs (D:1)
  5 leopard geckos
  108 orcs
  20 giant cockroaches
  6 goblins
  6 hobgoblins
  7 jackals
  5 quokkas
  5 bats
  5 frilled lizards
  9 kobolds
  A quokka zombie (D:5)
  7 rats
  A fire vortex (Depths:2)
  2 fungi
  2 plants (Lair:6)
2115 creatures vanquished.

Vanquished Creatures (others)
  2 deep elf magi (Elf:2)
  A jumping spider (Spider:2)
  A necrophage (D:5)
  A worker ant (D:5)
  2 briar patches (Swamp:3)
  A bush (Lair:2)
  2 demonic plants (Gauntlet)
  914 foxfires
  16 fungi
  26 plants
  11 starspawn tentacles
977 creatures vanquished.

Grand Total: 3092 creatures vanquished

Notes
Turn   | Place    | Note
-------+----------+-------------------------------------------
     0 | D:1      | Flugkiller the Deep Elf Wanderer began the quest for the
                  | Orb.
     0 | D:1      | Flugkiller set off with the following items: a +2 dagger, a
                  | scroll of blinking, a +0 robe, a ration; and the following
                  | spells available to memorise: Foxfire, Sting, Inner Flame,
                  | Mephitic Cloud
     0 | D:1      | Reached XP level 1. HP: 12/12 MP: 6/6
     2 | D:1      | Learned a level 1 spell: Foxfire
   284 | D:1      | Reached skill level 1 in Conjurations
   284 | D:1      | Reached skill level 1 in Fire Magic
   318 | D:1      | Reached XP level 2. HP: 16/16 MP: 5/8
   651 | D:1      | Reached XP level 3. HP: 20/20 MP: 5/9
  1287 | D:2      | Noticed Jessica
  1293 | D:2      | Killed Jessica
  1293 | D:2      | Reached XP level 4. HP: 25/25 MP: 5/10
  1433 | D:2      | Found an ornate altar of the Wu Jian Council.
  1436 | D:2      | Found an ancient bone altar of Kikubaaqudgha.
  1439 | D:2      | Found a shattered altar of Ashenzari.
  2723 | D:3      | Reached XP level 5. HP: 19/29 MP: 3/11
  3115 | D:3      | Found an opulent altar of Gozag.
  3119 | D:3      | Found a glowing silver altar of Zin.
  3339 | D:3      | Found a snail-covered altar of Cheibriados.
  3451 | D:4      | Noticed Sigmund
  3451 | D:4      | Noticed an ogre
  3520 | D:4      | Got an ebony hand axe
  3783 | D:4      | HP: 1/29 [worker ant (8)]
  3786 | D:4      | Reached XP level 6. HP: 29/34 MP: 12/12
  4349 | D:4      | Identified the +9 hand axe of Abuse {venom, Int+3} (You
                  | found it on level 4 of the Dungeon)
  4494 | D:4      | Reached skill level 5 in Conjurations
  4494 | D:4      | Reached skill level 5 in Fire Magic
  4785 | D:4      | Reached XP level 7. HP: 38/38 MP: 8/13
  5024 | D:4      | Killed Sigmund
  5408 | D:5      | Entered Level 5 of the Dungeon
  5408 | D:5      | Found Cyufe Acof's Magic Scroll Boutique.
  5427 | D:5      | Bought a scroll of teleportation for 42 gold pieces
  5427 | D:5      | Bought a scroll of fog for 28 gold pieces
  5430 | D:5      | Bought a scroll of remove curse for 42 gold pieces
  5454 | D:5      | Gained mutation: You have an increased reservoir of magic.
                  | (+10% MP) [potion of mutation]
  5454 | D:5      | Gained mutation: You have a pair of small antennae on your
                  | head. [potion of mutation]
  5534 | D:5      | Noticed Pikel
  5544 | D:5      | Killed Pikel
  5544 | D:5      | Reached XP level 8. HP: 24/43 MP: 8/15
  5710 | D:5      | Found Edghin Ovalo's Antique Armour Boutique.
  5756 | D:5      | Found Hupny's Gadget Boutique.
  5796 | D:5      | Learned a level 3 spell: Mephitic Cloud
  5799 | D:5      | Found Qalin's Assorted Antiques.
  5880 | D:5      | Reached skill level 2 in Dodging
  6111 | D:5      | Found Zage's General Store.
  6209 | D:6      | Found a bloodstained altar of Trog.
  6263 | D:6      | Found a staircase to the Ecumenical Temple.
  6331 | D:6      | Reached skill level 3 in Dodging
  6340 | Temple   | Entered the Ecumenical Temple
  6791 | D:6      | Learned a level 3 spell: Conjure Flame
  6794 | D:6      | Learned a level 2 spell: Blink
  7092 | D:6      | Reached skill level 1 in Translocations
  7153 | D:6      | Reached skill level 4 in Dodging
  7352 | D:7      | Noticed a hippogriff
  7359 | D:7      | Killed a hippogriff
  7359 | D:7      | Reached XP level 9. HP: 51/51 MP: 11/19
  7460 | D:7      | Reached skill level 5 in Dodging
  7535 | D:7      | Found Begeplac's Antique Weapon Boutique.
  7584 | D:7      | Reached skill level 5 in Spellcasting
  7946 | D:8      | Noticed a two-headed ogre
  8340 | D:7      | Reached skill level 6 in Dodging
  8554 | D:8      | Got a dazzling mace
  8829 | D:8      | Found Rinliott's Assorted Antiques.
  8855 | D:8      | Killed a two-headed ogre
  8855 | D:8      | Reached skill level 5 in Fighting
  8855 | D:8      | Reached skill level 7 in Dodging
  8953 | D:5      | Bought a crude cloak for 275 gold pieces
  8958 | D:5      | Identified the +1 cloak "Aninez" {rN+ Int+5} (You bought it
                  | in a shop on level 5 of the Dungeon)
  8958 | D:5      | nice
  9098 | D:8      | Noticed a two-headed ogre
  9147 | D:8      | Killed a two-headed ogre
  9147 | D:8      | Reached skill level 8 in Dodging
  9147 | D:8      | Reached XP level 10. HP: 60/60 MP: 9/21
 10241 | D:8      | Reached skill level 9 in Dodging
 10479 | D:9      | Identified the cursed +0 mace "Cuxyp" {freeze, Dex+5} (You
                  | found it on level 8 of the Dungeon)
 10741 | D:9      | Reached skill level 1 in Axes
 11331 | D:9      | Reached skill level 5 in Stealth
 11339 | D:9      | Found a shimmering altar of Xom.
 11340 | D:9      | Found a glowing golden altar of the Shining One.
 11346 | D:9      | Noticed Gastronok
 11435 | D:9      | Found a hide-covered altar of Uskayaw.
 11735 | D:9      | Reached skill level 10 in Dodging
 11805 | D:9      | Noticed Joseph
 12027 | D:9      | Killed Gastronok
 12027 | D:9      | Reached skill level 11 in Dodging
 12027 | D:9      | Reached XP level 11. HP: 34/64 MP: 19/22
 12203 | D:9      | You fall into a shaft and drop 2 floors!
 12357 | D:10     | Entered Level 10 of the Dungeon
 12448 | D:10     | Noticed a two-headed ogre
 12492 | D:10     | Killed a two-headed ogre
 12492 | D:10     | Reached skill level 5 in Evocations
 12625 | D:10     | Found a staircase to the Orcish Mines.
 12658 | D:10     | Noticed Harold
 13016 | D:9      | Found a radiant altar of Vehumet.
 13021 | D:9      | Became a worshipper of Uskayaw the Reveler
 13281 | D:9      | Noticed Psyche
 13393 | D:9      | Reached * piety under Uskayaw
 13395 | D:9      | Killed Joseph
 13598 | D:9      | Reached ** piety under Uskayaw
 13604 | D:9      | Killed Psyche
 13604 | D:9      | Reached *** piety under Uskayaw
 13707 | D:9      | Found a staircase to the Lair.
 13902 | D:9      | Learned a level 3 spell: Inner Flame
 13946 | Lair:1   | Entered Level 1 of the Lair of Beasts
 14130 | Lair:1   | ayy
 14149 | Lair:1   | Learned a level 5 spell: Iskenderun's Battlesphere
 14243 | Lair:1   | Reached **** piety under Uskayaw
 14340 | Lair:1   | Learned a level 1 spell: Magic Dart
 14945 | Lair:1   | Found a basalt altar of Yredelemnul.
 14945 | Lair:1   | Noticed an oklob plant
 15827 | Lair:2   | Found a hole to the Spider Nest.
 16079 | Lair:2   | Found a staircase to the Swamp.
 16082 | Lair:2   | Noticed a six-headed hydra
 16089 | Lair:2   | Killed a six-headed hydra
 16397 | Lair:2   | Noticed a seven-headed hydra
 16398 | Lair:2   | Noticed an oklob plant
 16441 | Lair:2   | Killed a seven-headed hydra
 16441 | Lair:2   | Reached skill level 10 in Conjurations
 16441 | Lair:2   | Reached XP level 12. HP: 73/73 MP: 22/27
 17536 | Lair:2   | Reached ***** piety under Uskayaw
 18609 | Lair:3   | Noticed an eight-headed hydra
 18619 | Lair:3   | Killed an eight-headed hydra
 18766 | Lair:3   | Noticed a six-headed hydra
 18791 | Lair:3   | Killed a six-headed hydra
 19954 | Lair:4   | Reached skill level 10 in Spellcasting
 20200 | Lair:4   | Noticed a five-headed hydra
 20205 | Lair:4   | Killed a five-headed hydra
 20899 | Lair:5   | Noticed Nessos
 21307 | Lair:5   | Learned a level 7 spell: Orb of Destruction
 21411 | Lair:5   | Killed Nessos
 21411 | Lair:5   | Reached XP level 13. HP: 48/78 MP: 26/32
 22046 | Lair:6   | Entered Level 6 of the Lair of Beasts
 22046 | Lair:6   | Found a staircase to the Slime Pits.
 24438 | Lair:6   | Reached skill level 15 in Conjurations
 25137 | Lair:2   | Reached skill level 1 in Invocations
 26015 | D:12     | Found a gate leading to a gauntlet.
 26028 | Gauntlet | Entered a Gauntlet
 26028 | Gauntlet | Found a transporter.
 26028 | Gauntlet | Found a transporter.
 26033 | Gauntlet | Found a transporter.
 26033 | Gauntlet | Found a transporter.
 26043 | Gauntlet | Found a transporter.
 26053 | Gauntlet | Found a transporter.
 26053 | Gauntlet | Found a transporter.
 26056 | Gauntlet | Found a transporter.
 26091 | Gauntlet | Found a transporter.
 26098 | Gauntlet | Found a transporter.
 26122 | Gauntlet | Found a transporter.
 26144 | Gauntlet | Found a transporter.
 26189 | Gauntlet | Found a transporter.
 26205 | Gauntlet | Found a transporter.
 26305 | Gauntlet | Found a transporter.
 26323 | Gauntlet | Found a transporter.
 26439 | Gauntlet | Got a slimy silver ring
 26442 | Gauntlet | Identified the ring of Kumocien {Ice Str+10} (You found it
                  | in a Gauntlet)
 26494 | Gauntlet | Got a transparent hat
 26497 | Gauntlet | Got a faintly humming leather armour
 26898 | Gauntlet | Identified the cursed +0 leather armour of Dyatt {rElec}
                  | (You found it in a Gauntlet)
 26909 | Gauntlet | Identified the +2 hat "Juxziat" {rElec rF+} (You found it
                  | in a Gauntlet)
 27002 | Gauntlet | Noticed a minotaur
 27029 | Gauntlet | Killed a minotaur
 27029 | Gauntlet | Reached skill level 5 in Invocations
 27508 | D:12     | Reached skill level 1 in Armour
 27508 | D:12     | Reached XP level 14. HP: 84/84 MP: 25/36
 28864 | D:13     | Found Qoqaeclibu's Distillery.
 28869 | D:13     | Bought a potion of curing for 45 gold pieces
 28869 | D:13     | Bought a potion of curing for 45 gold pieces
 28869 | D:13     | Bought a potion of curing for 45 gold pieces
 28869 | D:13     | Bought a potion of invisibility for 120 gold pieces
 29572 | D:13     | Identified a scroll of acquirement
 29575 | D:13     | Identified the -3 pair of boots "Yqipi" {*Contam Int+4
                  | Dex+5} (You acquired it on level 13 of the Dungeon)
 30283 | D:14     | Found a gate to the Vaults.
 30756 | D:14     | Reached skill level 5 in Armour
 31108 | D:15     | Entered Level 15 of the Dungeon
 32014 | D:15     | Found a staircase to the Depths.
 32207 | D:15     | Learned a level 5 spell: Borgnjor's Vile Clutch
 32263 | D:15     | Found a sacrificial altar of Ru.
 32457 | Orc:1    | Entered Level 1 of the Orcish Mines
 32636 | Orc:1    | Noticed Urug
 32649 | Orc:1    | Killed Urug
 32649 | Orc:1    | Reached skill level 1 in Necromancy
 32649 | Orc:1    | Reached skill level 1 in Earth Magic
 32964 | Orc:1    | Found a dark tunnel.
 32969 | Volcano  | Entered a volcano
 33399 | Volcano  | Reached skill level 10 in Invocations
 33597 | Volcano  | Found a bloodstained altar of Trog.
 33839 | Volcano  | Gained mutation: You are clumsy. (Dex -2) [a neqoxec]
 33840 | Volcano  | Gained mutation: Armour fits poorly on your strangely
                  | shaped body. [a neqoxec]
 33841 | Volcano  | Gained mutation: You are dopey. (Int -2) [a neqoxec]
 33866 | Volcano  | Identified a +0 pair of boots of running (You found it in a
                  | volcano)
 33911 | Volcano  | Lost mutation: You have a pair of small antennae on your
                  | head. [potion of mutation]
 33911 | Volcano  | Lost mutation: You are clumsy. (Dex -2) [potion of
                  | mutation]
 33911 | Volcano  | Lost mutation: You have an increased reservoir of magic.
                  | (+10% MP) [potion of mutation]
 33911 | Volcano  | Gained mutation: Your system is resistant to poisons.
                  | (rPois) [potion of mutation]
 33912 | Volcano  | Lost mutation: Armour fits poorly on your strangely shaped
                  | body. [potion of mutation]
 33912 | Volcano  | Lost mutation: You are dopey. (Int -2) [potion of mutation]
 33912 | Volcano  | Lost mutation: Your system is resistant to poisons. (rPois)
                  | [potion of mutation]
 33912 | Volcano  | Gained mutation: Your magical capacity is low. (-10% MP)
                  | [potion of mutation]
 33912 | Volcano  | Gained mutation: You have sharp toenails. [potion of
                  | mutation]
 33912 | Volcano  | Gained mutation: You are surrounded by a mild repulsion
                  | field. (EV +2) [potion of mutation]
 33912 | Volcano  | Gained mutation: You are agile. (Dex +2) [potion of
                  | mutation]
 34274 | Orc:2    | Entered Level 2 of the Orcish Mines
 34576 | Orc:2    | Reached XP level 15. HP: 88/88 MP: 22/30
 34697 | Orc:2    | Found a staircase to the Elven Halls.
 35099 | Orc:2    | Found Gealayll's General Store.
 35099 | Orc:2    | Found Vuph's Gadget Emporium.
 35101 | Orc:2    | Found Xoeto's Antique Weapon Shoppe.
 35103 | Orc:2    | Found Iqeaskua's General Store.
 35632 | D:8      | Bought a papyrus book for 330 gold pieces
 35739 | D:5      | Bought a transparent marble ring for 175 gold pieces
 35739 | D:5      | Bought a paperback book for 525 gold pieces
 35739 | D:5      | Identified the ring of Zuam {+Fly MP+9} (You bought it in a
                  | shop on level 5 of the Dungeon)
 36123 | Swamp:1  | Entered Level 1 of the Swamp
 36136 | Swamp:1  | Identified the +1 pair of gloves of the Several Wars
                  | {Int+4} (You acquired it on level 1 of the Swamp)
 36136 | Swamp:1  | Identified the amulet of Siv Nubba {Gourm Int+4} (You
                  | acquired it on level 1 of the Swamp)
 36151 | Swamp:1  | Found a runed translucent door.
 36152 | Swamp:1  | Found a shimmering altar of Xom.
 36152 | Swamp:1  | Noticed Lavandula's ghost (journeyman VSCK)
 36347 | Swamp:1  | Killed Lavandula's ghost
 36356 | Swamp:1  | Identified the ring "Ottemuna" {+Inv rPois rN+ MR- Str+6}
                  | (You found it on level 1 of the Swamp)
 36410 | Swamp:1  | Paralysed by a hornet for 2 turns
 36605 | Swamp:1  | Reached skill level 1 in Shields
 37394 | Swamp:1  | Reached skill level 5 in Necromancy
 38079 | Swamp:2  | Reached skill level 5 in Earth Magic
 38707 | Swamp:2  | Noticed Frances
 38713 | Swamp:2  | Killed Frances
 39515 | Swamp:3  | Noticed a thorn hunter
 39538 | Swamp:3  | Killed a thorn hunter
 40313 | Swamp:3  | Reached XP level 16. HP: 93/93 MP: 24/32
 40452 | Swamp:4  | Entered Level 4 of the Swamp
 42282 | Swamp:4  | Noticed a tentacled monstrosity
 42317 | Swamp:4  | Got a decaying rune of Zot
 42368 | Swamp:4  | Killed a tentacled monstrosity
 42733 | Elf:1    | Entered Level 1 of the Elven Halls
 43474 | Elf:1    | Reached skill level 15 in Spellcasting
 43848 | Elf:1    | Reached skill level 10 in Armour
 44020 | Elf:1    | Identified the Incunabulum of the Entourage
 44364 | Elf:2    | Found Meifuzed's Weapon Boutique.
 45147 | Elf:2    | Noticed Nikola
 45160 | Elf:2    | Killed Nikola
 45160 | Elf:2    | Reached XP level 17. HP: 79/99 MP: 3/34
 45342 | Elf:2    | Reached skill level 1 in Short Blades
 45540 | Elf:2    | Found a runed translucent gate.
 45540 | Elf:2    | Found a runed translucent gate.
 45541 | Elf:2    | Found a runed translucent gate.
 45701 | Elf:3    | Entered Level 3 of the Elven Halls
 45738 | Elf:3    | Reached ****** piety under Uskayaw
 45770 | Elf:3    | Found a flickering gateway to a bazaar.
 45780 | Bazaar   | Entered a bazaar
 45780 | Bazaar   | Found Piesygow's General Store.
 45780 | Bazaar   | Found Fifomu Eciuh's Antique Armour Shop.
 45780 | Bazaar   | Found Juor's Antique Weapon Shoppe.
 45782 | Bazaar   | Found Wuokk's Assorted Antiques.
 45851 | Bazaar   | Bought a potion of mutation for 192 gold pieces
 45851 | Bazaar   | Bought a potion of mutation for 192 gold pieces
 45854 | Bazaar   | Lost mutation: Your magical capacity is low. (-10% MP)
                  | [potion of mutation]
 45854 | Bazaar   | Lost mutation: You are agile. (Dex +2) [potion of mutation]
 45854 | Bazaar   | Gained mutation: You are partially covered in icy blue
                  | scales. (AC +2) [potion of mutation]
 45854 | Bazaar   | Gained mutation: You can translocate small distances at
                  | will. [potion of mutation]
 45859 | Bazaar   | Bought scorched acid dragon scales for 1620 gold pieces
 45869 | Bazaar   | Identified the cursed +1 acid dragon scales of Generosity
                  | {Regen+ rCorr Int+2} (You bought it in a shop in a bazaar)
 45916 | Elf:3    | Noticed Aizul
 45930 | Elf:3    | Killed Aizul
 46841 | Elf:3    | Identified the ring of Leuxac {AC+5 Int+3}
 46859 | Elf:3    | Reached skill level 5 in Short Blades
 46903 | Elf:3    | Identified the +6 flail "Rehiwn" {freeze, Int+2}
 46928 | Elf:3    | Noticed a Tzitzimitl
 47214 | Elf:3    | Cast into level 3 of the Abyss (a deep elf sorcerer)
 47320 | Abyss:3  | Reached skill level 10 in Fighting
 47402 | Abyss:3  | Found a corrupted altar of Lugonu.
 47475 | Abyss:3  | Noticed a lich
 47518 | Abyss:3  | Killed a lich
 47562 | Abyss:3  | Gained mutation: You are occasionally teleported next to
                  | monsters. [a neqoxec]
 47567 | Abyss:3  | Gained mutation: You are clumsy. (Dex -2) [a neqoxec]
 47571 | Abyss:3  | Gained mutation: Your magical capacity is extremely low.
                  | (-30% MP) [a neqoxec]
 47579 | Abyss:3  | Found a corrupted altar of Lugonu.
 47675 | Elf:3    | Escaped the Abyss
 47876 | Elf:3    | Noticed a deep elf blademaster
 47881 | Elf:3    | Killed a deep elf blademaster
 47884 | Elf:3    | Lost mutation: You can translocate small distances at will.
                  | [potion of mutation]
 47884 | Elf:3    | Lost mutation: You have sharp toenails. [potion of
                  | mutation]
 47884 | Elf:3    | Lost mutation: You are clumsy. (Dex -2) [potion of
                  | mutation]
 47884 | Elf:3    | Gained mutation: You are agile. (Dex +2) [potion of
                  | mutation]
 47979 | Elf:3    | Noticed a deep elf blademaster
 47989 | Elf:3    | Killed a deep elf blademaster
 48157 | Elf:3    | Lost mutation: You are partially covered in icy blue
                  | scales. (AC +2) [potion of mutation]
 48157 | Elf:3    | Lost mutation: You are agile. (Dex +2) [potion of mutation]
 48157 | Elf:3    | Lost mutation: You are surrounded by a mild repulsion
                  | field. (EV +2) [potion of mutation]
 48157 | Elf:3    | Lost mutation: Your magical capacity is low. (-10% MP)
                  | [potion of mutation]
 48157 | Elf:3    | Gained mutation: You have supernaturally acute eyesight.
                  | (SInv) [potion of mutation]
 48157 | Elf:3    | Gained mutation: You evolve. [potion of mutation]
 48158 | Elf:3    | Gained mutation: You occasionally shout uncontrollably at
                  | your foes. [potion of mutation]
 48158 | Elf:3    | Gained mutation: You have sharp fingernails. [potion of
                  | mutation]
 48158 | Elf:3    | Lost mutation: You are occasionally teleported next to
                  | monsters. [potion of mutation]
 48158 | Elf:3    | Gained mutation: You have large cloven feet. [potion of
                  | mutation]
 48257 | Elf:3    | Noticed a deep elf master archer
 48282 | Elf:3    | Killed a deep elf master archer
 48531 | Elf:3    | Gained mutation: You rapidly evolve. [evolution]
 48906 | Elf:3    | Identified the +6 hand axe "Doan" {holy, *Drain +Blink
                  | Str-5 Int+6}
 48908 | Elf:3    | Noticed a deep elf master archer
 48909 | Elf:3    | Reached XP level 18. HP: 110/110 MP: 25/39
 48918 | Elf:3    | Identified the +7 hand axe of Honesty {flame, Str+9}
 49602 | Elf:3    | Found the +2 hood of the Assassin {Detection Stab+ Stlth++}
 49706 | Elf:3    | Reached skill level 10 in Short Blades
 49828 | Elf:3    | Got an ancient shortbow
 50151 | Spider:1 | Entered Level 1 of the Spider Nest
 50334 | D:8      | Bought 2 potions of curing for 132 gold pieces
 50441 | D:5      | Bought a potion of curing for 105 gold pieces
 51192 | Spider:1 | Found a roughly hewn altar of Beogh.
 51206 | Spider:1 | Got a pair of pitted gloves
 51217 | Spider:1 | Identified the cursed +0 pair of gloves of the Ladybird
                  | {MR+ Dex-5 Slay+5 Stlth+} (You found it on level 1 of the
                  | Spider Nest)
 52744 | Spider:3 | Noticed Donald
 52759 | Spider:3 | Killed Donald
 53733 | Spider:4 | Entered Level 4 of the Spider Nest
 53869 | Spider:4 | Lost mutation: You occasionally shout uncontrollably at
                  | your foes. [evolution]
 53925 | Spider:4 | Found a frozen archway.
 54001 | Spider:4 | Noticed Kirke
 54037 | Spider:4 | Killed Kirke
 54300 | Spider:4 | Reached skill level 12 in Dodging
 55627 | Spider:4 | Reached XP level 19. HP: 116/116 MP: 30/40
 55776 | Spider:4 | HP: 5/116 [poisoned by an emperor scorpion]
 56513 | Spider:4 | Got a gossamer rune of Zot
 56850 | Vaults:1 | Entered Level 1 of the Vaults
 56872 | Vaults:1 | Learned a level 5 spell: Irradiate
 57208 | Vaults:1 | Found Zoow's Jewellery Emporium.
 57221 | Vaults:1 | Bought the ring "Kul Qoan" {rPois rF+++ MR+ Str-2 Dex+3}
                  | for 1026 gold pieces
 59932 | Vaults:2 | Found Quliol's Antique Weapon Shop.
 60308 | Vaults:2 | Found a staircase to the Crypt.
 60672 | Vaults:2 | Reached XP level 20. HP: 91/124 MP: 30/41
 60685 | Vaults:2 | Reached skill level 5 in Shields
 60788 | Vaults:2 | Gained mutation: Your mind is acute. (Int +2) [evolution]
 61969 | Vaults:3 | Found a magical portal.
 62391 | WizLab   | Got a glittering silver ring
 62394 | WizLab   | Identified the ring of Vayfaenuru {rPois rN+ Str+4 Stlth+}
                  | (You found it in a wizard's laboratory)
 62445 | WizLab   | Identified Cigotuvi's Compendium of Moulding and Evil Magic
 62458 | WizLab   | Identified the Handbook of Transmigration
 63342 | Vaults:3 | Identified the ring "Gyubusa" {+Fly rElec rF+} (You
                  | acquired it on level 3 of the Vaults)
 63342 | Vaults:3 | Identified the -5 hat "Keoseupp" {Regen+ Dex+3} (You
                  | acquired it on level 3 of the Vaults)
 65093 | Vaults:4 | Gained mutation: You possess an exceptional clarity of
                  | mind. [evolution]
 65187 | Vaults:4 | Reached XP level 21. HP: 131/133 MP: 42/42
 65277 | Vaults:4 | Noticed a golden dragon
 65290 | Vaults:4 | Killed a golden dragon
 65290 | Vaults:4 | Reached skill level 15 in Fighting
 65632 | Vaults:4 | Reached skill level 10 in Shields
 66104 | Vaults:4 | Identified the +0 robe of Discretion {Regen+}
 66547 | Depths:1 | Entered Level 1 of the Depths
 66642 | D:13     | Learned a level 7 spell: Spellforged Servitor
 66738 | Depths:1 | Reached skill level 1 in Summonings
 66825 | Depths:1 | Noticed Saint Roka
 66835 | Depths:1 | Killed Saint Roka
 67208 | Depths:1 | Found a gateway to Hell.
 67975 | Depths:1 | Reached skill level 5 in Summonings
 68283 | Depths:2 | Noticed Asterion
 68482 | Depths:2 | Killed Asterion
 69328 | Depths:2 | Found a runed translucent door.
 69330 | Depths:2 | Found a runed translucent door.
 69716 | Depths:2 | Gained mutation: You have a pair of small antennae on your
                  | head. [evolution]
 69716 | Depths:2 | Lost mutation: You rapidly evolve. [decline of evolution]
 70014 | Depths:2 | Reached XP level 22. HP: 140/140 MP: 17/43
 70231 | Depths:2 | Identified the ring of Oluket Bemiy {*Corrode rElec MR-
                  | MP+9 Int+5} (You acquired it on level 2 of the Depths)
 70251 | Depths:2 | Identified the cursed +0 chain mail of Gehenna {-Cast rF+
                  | rN+++ Stlth+} (You found it on level 2 of the Depths)
 71513 | Depths:3 | Found a one-way gate leading to the halls of Pandemonium.
 71882 | Depths:3 | Reached skill level 10 in Summonings
 72038 | Depths:3 | Found Juwk's Armour Shoppe.
 72172 | Depths:3 | Found a one-way gate to the infinite horrors of the Abyss.
 72179 | Depths:3 | Noticed Louise
 72194 | Depths:3 | Killed Louise
 72453 | Depths:3 | Identified the +7 long sword of Hepliaklqana's Grace
                  | {vorpal, rPois rC+ Str+2}
 72478 | Depths:3 | Found the +3 salamander hide armour {+Rage rF++}
 74626 | Depths:4 | Identified the ring "Cerimpei" {MR+ Int+2} (You acquired it
                  | on level 4 of the Depths)
 74626 | Depths:4 | Identified Xulel's Catalogue of the Rocks and Combat Magic
                  | (You acquired it on level 4 of the Depths)
 74633 | Depths:4 | Learned a level 4 spell: Leda's Liquefaction
 74700 | Depths:5 | Entered Level 5 of the Depths
 75123 | Depths:5 | Found a gateway to a ziggurat.
 75171 | Depths:5 | Reached XP level 23. HP: 115/144 MP: 38/44
 75201 | Depths:5 | Reached skill level 15 in Shields
 75393 | Depths:5 | Reached skill level 13 in Dodging
 76231 | Depths:5 | Found a gate to the Realm of Zot.
 76566 | Depths:5 | Noticed a caustic shrike
 76566 | Depths:5 | Noticed a caustic shrike
 76566 | Depths:5 | Noticed a caustic shrike
 76566 | Depths:5 | Noticed a caustic shrike
 76566 | Depths:5 | Noticed a caustic shrike
 76572 | Depths:5 | Killed a caustic shrike
 76573 | Depths:5 | Killed a caustic shrike
 76573 | Depths:5 | Killed a caustic shrike
 76574 | Depths:5 | Killed a caustic shrike
 76577 | Depths:5 | Killed a caustic shrike
 76920 | Depths:5 | Lost mutation: Your mind is acute. (Int +2) [evolution]
 78395 | Depths:3 | Learned a level 1 spell: Apportation
 78396 | Depths:3 | Voluntarily entered the Abyss.
 78615 | Depths:3 | Escaped the Abyss
 78810 | Depths:3 | Voluntarily entered the Abyss.
 79178 | Abyss:2  | Found a sparkling altar of Nemelex Xobeh.
 79401 | Abyss:2  | Reached skill level 14 in Dodging
 79420 | Abyss:2  | Gained mutation: Your body sometimes deteriorates upon
                  | taking damage. [a neqoxec]
 79603 | Abyss:2  | Found a sparkling altar of Nemelex Xobeh.
 80098 | Abyss:3  | Reached skill level 15 in Dodging
 80354 | Abyss:3  | Reached XP level 24. HP: 121/154 MP: 28/44
 80417 | Abyss:3  | Got an abyssal rune of Zot
 80495 | Depths:3 | Escaped the Abyss
 80550 | Zot:1    | Entered Level 1 of the Realm of Zot
 80558 | Zot:1    | Learned a level 4 spell: Summon Lightning Spire
 80644 | Zot:2    | Reached skill level 16 in Dodging
 81176 | Zot:4    | Reached skill level 17 in Dodging
 81824 | Zot:4    | Reached skill level 18 in Dodging
 82318 | Zot:5    | Entered Level 5 of the Realm of Zot
 82326 | Zot:5    | Noticed a Killer Klown
 82327 | Zot:5    | Noticed an ancient lich
 82341 | Zot:5    | Noticed an orb of fire
 82349 | Zot:5    | Killed an ancient lich
 82350 | Zot:5    | Killed a Killer Klown
 82361 | Zot:5    | Gained mutation: Your spells are a little easier to cast,
                  | but a little less powerful. [an orb of fire]
 82363 | Zot:5    | Gained mutation: Your mind is acute. (Int +2) [an orb of
                  | fire]
 82374 | Zot:5    | Gained mutation: Armour fits poorly on your strangely
                  | shaped body. [an orb of fire]
 82383 | Zot:5    | Gained mutation: Your body often deteriorates upon taking
                  | damage. [an orb of fire]
 82391 | Zot:5    | Killed an orb of fire
 82391 | Zot:5    | Reached skill level 19 in Dodging
 82577 | Zot:5    | Lost mutation: You have large cloven feet. [potion of
                  | mutation]
 82577 | Zot:5    | Lost mutation: Your mind is acute. (Int +2) [potion of
                  | mutation]
 82577 | Zot:5    | Lost mutation: Your body often deteriorates upon taking
                  | damage. [potion of mutation]
 82577 | Zot:5    | Lost mutation: You possess an exceptional clarity of mind.
                  | [potion of mutation]
 82577 | Zot:5    | Gained mutation: Your skin changes colour to match your
                  | surroundings (Stealth+). [potion of mutation]
 82577 | Zot:5    | Gained mutation: You are resistant to hostile enchantments.
                  | (MR+) [potion of mutation]
 82577 | Zot:5    | Gained mutation: You are partially covered in yellow
                  | scales. (AC +2) [potion of mutation]
 82587 | Zot:4    | Lost mutation: You have a pair of small antennae on your
                  | head. [potion of mutation]
 82587 | Zot:4    | Lost mutation: Armour fits poorly on your strangely shaped
                  | body. [potion of mutation]
 82587 | Zot:4    | Lost mutation: Your body sometimes deteriorates upon taking
                  | damage. [potion of mutation]
 82587 | Zot:4    | Lost mutation: You have sharp fingernails. [potion of
                  | mutation]
 82587 | Zot:4    | Gained mutation: Your magical capacity is low. (-10% MP)
                  | [potion of mutation]
 82587 | Zot:4    | Gained mutation: Your body sometimes deteriorates upon
                  | taking damage. [potion of mutation]
 82587 | Zot:4    | Gained mutation: You are partially covered in slimy green
                  | scales. (AC +2) [potion of mutation]
 82588 | Zot:4    | Lost mutation: You evolve. [potion of mutation]
 82588 | Zot:4    | Lost mutation: Your spells are a little easier to cast, but
                  | a little less powerful. [potion of mutation]
 82588 | Zot:4    | Lost mutation: Your magical capacity is low. (-10% MP)
                  | [potion of mutation]
 82588 | Zot:4    | Lost mutation: Your body sometimes deteriorates upon taking
                  | damage. [potion of mutation]
 82588 | Zot:4    | Gained mutation: You are dopey. (Int -2) [potion of
                  | mutation]
 82588 | Zot:4    | Gained mutation: Your body sometimes deteriorates upon
                  | taking damage. [potion of mutation]
 82588 | Zot:4    | Gained mutation: You are agile. (Dex +2) [potion of
                  | mutation]
 82765 | Zot:5    | Noticed a Killer Klown
 82773 | Zot:5    | Killed a Killer Klown
 82884 | Zot:5    | Noticed an ancient lich
 82885 | Zot:5    | Noticed an orb of fire
 82885 | Zot:5    | Noticed an orb of fire
 82889 | Zot:5    | Noticed an ancient lich
 82903 | Zot:5    | Killed an orb of fire
 82903 | Zot:5    | Reached XP level 25. HP: 124/163 MP: 10/44
 82905 | Zot:5    | Killed an orb of fire
 82908 | Zot:5    | Killed an ancient lich
 82908 | Zot:5    | Reached skill level 20 in Dodging
 82910 | Zot:5    | Noticed an ancient lich
 82910 | Zot:5    | Noticed an ancient lich
 82913 | Zot:5    | Killed an ancient lich
 83114 | Zot:5    | Killed an ancient lich
 83295 | Zot:5    | Killed an ancient lich
 83458 | Zot:5    | Reached skill level 21 in Dodging
 83636 | Zot:5    | Noticed an ancient lich
 83641 | Zot:5    | Killed an ancient lich
 83643 | Zot:5    | Noticed an ancient lich
 83839 | Zot:5    | Noticed a Killer Klown
 83842 | Zot:5    | Noticed an orb of fire
 83856 | Zot:5    | Killed a Killer Klown
 83986 | Zot:5    | Gained mutation: You do not regenerate when monsters are
                  | visible. [an orb of fire]
 83987 | Zot:5    | Gained mutation: Armour fits poorly on your strangely
                  | shaped body. [an orb of fire]
 83991 | Zot:5    | Killed an orb of fire
 84137 | Zot:5    | Killed an ancient lich
 84449 | Zot:5    | Noticed an orb of fire
 84454 | Zot:5    | Killed an orb of fire
 84454 | Zot:5    | Reached skill level 22 in Dodging
 84766 | Zot:5    | Noticed an orb of fire
 84769 | Zot:5    | Gained mutation: You tend to lose your temper in combat.
                  | [an orb of fire]
 84772 | Zot:5    | Killed an orb of fire
 84911 | Zot:5    | Noticed an ancient lich
 84917 | Zot:5    | Killed an ancient lich
 85133 | Zot:5    | Lost mutation: You do not regenerate when monsters are
                  | visible. [potion of mutation]
 85133 | Zot:5    | Lost mutation: You are agile. (Dex +2) [potion of mutation]
 85133 | Zot:5    | Lost mutation: Your body sometimes deteriorates upon taking
                  | damage. [potion of mutation]
 85133 | Zot:5    | Gained mutation: You can translocate small distances at
                  | will. [potion of mutation]
 85134 | Zot:5    | Lost mutation: You are resistant to hostile enchantments.
                  | (MR+) [potion of mutation]
 85134 | Zot:5    | Lost mutation: You are dopey. (Int -2) [potion of mutation]
 85134 | Zot:5    | Lost mutation: You tend to lose your temper in combat.
                  | [potion of mutation]
 85134 | Zot:5    | Gained mutation: You have sharp toenails. [potion of
                  | mutation]
 85135 | Zot:5    | Lost mutation: You have sharp toenails. [potion of
                  | mutation]
 85135 | Zot:5    | Lost mutation: You are partially covered in slimy green
                  | scales. (AC +2) [potion of mutation]
 85135 | Zot:5    | Gained mutation: You are agile. (Dex +2) [potion of
                  | mutation]
 85135 | Zot:5    | Gained mutation: You are very agile. (Dex +4) [potion of
                  | mutation]
 85136 | Zot:5    | Lost mutation: Armour fits poorly on your strangely shaped
                  | body. [potion of mutation]
 85136 | Zot:5    | Lost mutation: You are very agile. (Dex +4) [potion of
                  | mutation]
 85136 | Zot:5    | Lost mutation: You are agile. (Dex +2) [potion of mutation]
 85136 | Zot:5    | Gained mutation: You have a pair of small horns on your
                  | head. [potion of mutation]
 85136 | Zot:5    | Gained mutation: Your spells are a little easier to cast,
                  | but a little less powerful. [potion of mutation]
 85136 | Zot:5    | Gained mutation: You passively map a small area around you.
                  | [potion of mutation]
 85137 | Zot:5    | Lost mutation: You are partially covered in yellow scales.
                  | (AC +2) [potion of mutation]
 85137 | Zot:5    | Lost mutation: Your spells are a little easier to cast, but
                  | a little less powerful. [potion of mutation]
 85137 | Zot:5    | Lost mutation: You have a pair of small horns on your head.
                  | [potion of mutation]
 85137 | Zot:5    | Lost mutation: You passively map a small area around you.
                  | [potion of mutation]
 85137 | Zot:5    | Gained mutation: Your magical capacity is low. (-10% MP)
                  | [potion of mutation]
 85137 | Zot:5    | Lost mutation: You can translocate small distances at will.
                  | [potion of mutation]
 85137 | Zot:5    | Gained mutation: You are somewhat resistant to further
                  | mutation. [potion of mutation]
 85138 | Zot:5    | Lost mutation: Your skin changes colour to match your
                  | surroundings (Stealth+). [potion of mutation]
 85138 | Zot:5    | Lost mutation: You are somewhat resistant to further
                  | mutation. [potion of mutation]
 85138 | Zot:5    | Lost mutation: Your magical capacity is low. (-10% MP)
                  | [potion of mutation]
 85138 | Zot:5    | Gained mutation: You are somewhat resistant to further
                  | mutation. [potion of mutation]
 85162 | Zot:5    | Got the Orb of Zot
 85580 | D:8      | Noticed Dontaff the pandemonium lord
 85726 | D:1      | gg
 85727 | D:$      | Escaped with the Orb!

Levels and vault maps discovered:
D:1:      evilmike_arrival_hilbert_curve, layout_rooms, kennysheep_minor_cross,
          minmay_heptomino_d4
D:2:      layout_basic, grunt_temple_overflow_diamond, uniq_jessica
D:3:      minmay_roachtagon, layout_basic,
          grunt_temple_overflow_gold_and_silver, cheibriados_altar_1
D:4:      layout_rooms, first_ration, uniq_sigmund
D:5:      layout_rooms, serial_glass, glass_columns_b, glass_columns_a,
          glass_columns_a, glass_columns_b, glass_columns_b, glass_columns_c,
          serial_shops, nicolae_shop_overgrown_old_shop,
          nicolae_shop_behind_doors, shop, nicolae_shop_stone, shop,
          hex_intersection, uniq_pikel
D:6:      layout_basic, old_standard_altar,
          minmay_temple_entry_statues_fountains, grunt_ministairs_8,
          st_stairs_1, small_statue_intersection, hex_intersection
D:7:      layout_rooms, serial_shops, shop_fountains
D:8:      wad_lake_hut, layout_gridville, serial_shops, kennysheep_mini
D:9:      layout_basic, nicolae_overflow_hidden_temple,
          grunt_lair_entry_orc_guard_hut, uniq_psyche, uniq_gastronok,
          uniq_joseph
D:10:     layout_irregular_city, orc_0_dummy, serial_glass, glass_columns_b,
          glass_columns_b, uniq_harold
D:11:     layout_irregular_city
D:12:     layout_cave_pods, gauntlet_entry_generic
D:13:     layout_roguey, serial_shops, nicolae_shop_trees
D:14:     layout_irregular_city, erik_vaults_1
D:15:     grunt_enter_depths_hoard, layout_gridville, basic_altar,
          minmay_misc_feat_more_columns
Temple:   chequers_temple_sunken
Lair:1:   layout_loops_ring, lemuel_oklob_altar, lemuel_fruit_tree,
          infiniplex_staircase_pool
Lair:2:   layout_layer_cave, swamp_mist_pool, nicolae_spider_entry_non_spiders,
          minmay_lair_oklob_chamber
Lair:3:   layout_small_grid, serial_rivers, chequers_serial_rivers_small_3,
          chequers_serial_rivers_micro_e, chequers_serial_rivers_small_a,
          chequers_serial_rivers_room_b, chequers_serial_rivers_room_a,
          grunt_megastairs_2
Lair:4:   layout_hall_layers, nicolae_quartered_pool_little, nzn_random_ring
Lair:5:   layout_misc_corridors, uniq_nessos
Lair:6:   hangedman_lair_tendril_chambers, layout_misc_corridors,
          minmay_slime_entry_oklob_open, lookout_lair_type,
          chequers_serial_rivers_micro_e, worms_lemuel
Swamp:1:  layout_basic_swamp, ebering_ghost_xom, evilmike_swamp_ruin_house_6,
          swamp_pool4, statue_in_the_mist_lemuel
Swamp:2:  layout_basic_swamp, hangedman_swamp_lotus, swamp_pool2, uniq_frances
Swamp:3:  layout_basic_swamp, hangedman_swamp_pad, swamp_pool1
Swamp:4:  swamp_vile, layout_basic_swamp
Spider:1: nicolae_spider_mines_2
Spider:2: layout_chambers
Spider:3: layout_spider_delve, uniq_donald
Spider:4: spider_rune_water, portal_ice_cave_entry_dragon, uniq_kirke
Orc:1:    layout_diamond_mine, nicolae_volcano_entry_lava_flow, uniq_urug
Orc:2:    st_orc_rangers, layout_diamond_mine
Elf:1:    minmay_elf_arrival_plus, layout_onion_city, minmay_elf_demonology,
          einodemon_barbed_minivault
Elf:2:    layout_geoelf_octagon, serial_shops, shop, uniq_nikola
Elf:3:    elf_hall, layout_rooms, serial_shops, bzr_entry_customers, uniq_aizul
Vaults:1: ontoclasm_vaults_bender, v_misc_29, v_misc_27, v_misc_22, v_pattern_2,
          nicolae_vaults_border_crossing, layout_vaults_big_room, serial_shops,
          nicolae_shop_waterfront
Vaults:2: minmay_crypt_entry_simple_round, vaults_dpeg_diagonal,
          vaults_room_large_hall, nicolae_vaults_disjoint_gnomons,
          vaults_mumra_minichess_inversion, grunt_vaults_hallway_long,
          nicolae_vaults_big_angled_halls, hangedman_vaults_stream, v_misc_2,
          hangedman_vaults_nodes, st_smaller_cells, v_misc_29,
          vaults_room_semicircle, ontoclasm_vaults_ring_square, v_misc_23,
          layout_vaults_maze_snakey, serial_shops, shop
Vaults:3: nicolae_vaults_big_angled_halls, nicolae_vaults_network_square,
          vaults_room_octagon, v_alt_pattern_6, nicolae_vaults_little_squares_4,
          nicolae_vaults_little_squares_6, layout_vaults_omnigrid,
          mu_enter_wizlab_6
Vaults:4: vaults_room_corners, dpeg_vaults_pockets_of_resistance,
          vaults_standard_mumra_enter_the_diamond, vaults_dpeg_encased_lava,
          hangedman_vaults_slice, v_misc_8, vaults_room_fours,
          nicolae_vaults_shelves_hall, vaults_mumra_hexcomb, v_misc_14,
          nicolae_vaults_shelves_hall, grunt_vaults_hallway_short,
          layout_vaults_ring
Depths:1: layout_basic, marbit_kobold_abyss_entry, corexii_hall_statues_i,
          pf_hell_entry_tar_spiral, hangedman_decor_diamond_cutter,
          kennysheep_small_square, uniq_saint_roka
Depths:2: minmay_the_grid_triangle_9x9_recursive_3
          [minmay_the_grid_triangle_9x9_from_above,
          minmay_the_grid_triangle_9x9_stretched_checkered,
          minmay_the_grid_triangle_9x9_empty,
          minmay_the_grid_triangle_9x9_prize_top_heavy,
          minmay_the_grid_triangle_9x9_tough_junction,
          minmay_the_grid_triangle_9x9_alien,
          minmay_the_grid_triangle_9x9_zippers_horizontal,
          minmay_the_grid_triangle_9x9_odd_lines,
          minmay_the_grid_triangle_9x9_checkered], layout_cave_pools,
          hell_entry, hangedman_abyss_or_decor_jellyfish_corner, uniq_asterion
Depths:3: grunt_twist_and_shout, layout_cave_pools, grunt_metal_band,
          nicolae_abyss_entry_one_way_or_another, serial_shops, shop,
          serial_sigils, serial_sigils_hangedman_scar,
          serial_sigils_hangedman_clutch, serial_sigils_hangedman_writhe,
          pan_entry, hangedman_abyss_or_decor_stagger
Depths:4: kennysheep_ogre_elephant_herders, layout_basic,
          grunt_hell_entry_dis_old, abyss_entry, nrook_uturn,
          minmay_misc_feat_rows, lightli_corner_chamber
Depths:5: grunt_zot_entry_funnels, layout_cave_shapes, enter_ziggurat_a,
          nicolae_benzene_ring, hell_entry
Zot:1:    kennysheep_ambush_hall, layout_cathedral_of_symmetry
Zot:2:    layout_gridlike, st_single_dragon_hoard_3, st_stairs_11,
          amethyst_zot_foddershock
Zot:3:    gammafunk_its_a_trap, layout_gridlike, st_grand_hoard_of_tiamat
Zot:4:    layout_misc_corridors, st_stairs_13, grunt_ministairs_6
Zot:5:    layout_cellular_growth, st_stairs_8, uniq_tiamat

Skill      XL: |  1  2  3  4  5  6  7  8  9 10 11 12 13 14 15 16 17 18 19 20 21 22 23 24 25 |
---------------+----------------------------------------------------------------------------+-----
Conjurations   | 1 2 3 4 5 7 10 13 15 | 15.0
Fire Magic     | 1 2 3 4 5 7 |  7.5
Dodging        | 4 8 11 12 15 19 22 | 22.5
Fighting       | 3 5 6 8 11 13 14 15 16 18 | 18.9
Translocations | 1 |  1.0
Spellcasting   | 4 5 7 10 13 15 | 15.0
Evocations     | 4 5 |  5.0
Axes           | 3 |  3.8
Stealth        | 5 6 |  6.0
Invocations    | 5 10 11 12 13 | 13.4
Armour         | 1 6 8 11 | 11.0
Necromancy     | 3 5 |  5.3
Earth Magic    | 2 7 9 |  9.3
Shields        | 4 9 12 14 15 | 15.0
Short Blades   | 8 11 14 | 14.0
Summonings     | 7 12 | 12.0
Polearms       | |  1.0
Charms         | |  1.5

Action                   |  1- 3 |  4- 6 |  7- 9 | 10-12 | 13-15 | 16-18 | 19-21 | 22-24 | 25-27 || total
-------------------------+-------+-------+-------+-------+-------+-------+-------+-------+-------++-------
Melee: Dagger            |     2 |    12 |       |       |       |       |       |       |       ||    14
       Hand axe          |       |    16 |    60 |   198 |   296 |       |       |       |       ||   570
       Demon trident     |       |       |       |       |   358 |   146 |       |       |       ||   504
       Rapier            |       |       |       |       |       |   587 |  1243 |  1235 |   141 ||  3206
       Unarmed           |       |       |       |       |       |       |       |    31 |       ||    31
Throw: Javelin           |       |     1 |       |       |       |       |       |       |       ||     1
       Throwing net      |       |       |       |       |       |       |       |       |     2 ||     2
 Cast: Foxfire           |    64 |   117 |   157 |   217 |    20 |     3 |       |       |       ||   578
       Conjure Flame     |       |       |     3 |    16 |     3 |       |       |       |       ||    22
       Mephitic Cloud    |       |       |     3 |    11 |     6 |     6 |     1 |       |       ||    27
       Blink             |       |       |       |     1 |     6 |     5 |       |     1 |       ||    13
       Magic Dart        |       |       |       |   183 |    86 |    17 |       |       |       ||   286
       Iskenderun's Batt |       |       |       |    51 |    21 |     3 |       |       |       ||    75
       Inner Flame       |       |       |       |     3 |    15 |     6 |     1 |     2 |       ||    27
       Orb of Destructio |       |       |       |       |   261 |   138 |    78 |   102 |    58 ||   637
       Borgnjor's Vile C |       |       |       |       |    17 |   146 |    83 |    73 |       ||   319
       Irradiate         |       |       |       |       |       |       |     4 |    20 |     5 ||    29
       Spellforged Servi |       |       |       |       |       |       |       |    32 |       ||    32
       Apportation       |       |       |       |       |       |       |       |    13 |     3 ||    16
       Summon Lightning  |       |       |       |       |       |       |       |     1 |     2 ||     3
Invok: Stomp             |       |       |       |     2 |       |       |     1 |     7 |       ||    10
       Grand Finale      |       |       |       |       |       |     5 |     4 |     7 |       ||    16
       Line Pass         |       |       |       |       |       |       |     1 |     3 |       ||     4
Evoke: Wand              |       |       |     4 |     5 |    14 |    12 |       |     8 |     3 ||    46
       Phial of floods   |       |       |       |       |       |     1 |       |       |       ||     1
  Use: Potion            |       |     6 |     3 |     5 |    11 |    11 |     4 |    11 |     8 ||    59
       Scroll            |       |     2 |     9 |    11 |    18 |    22 |     6 |    15 |     3 ||    86
 Stab: Invisible         |       |     1 |       |       |       |       |       |     6 |       ||     7
       Sleeping          |       |       |     1 |     5 |     3 |     4 |    12 |     7 |       ||    32
       Paralysed         |       |       |       |    10 |    33 |    56 |   138 |   106 |     8 ||   351
       Distracted        |       |       |       |     1 |     4 |     1 |     1 |     2 |       ||     9
       Confused          |       |       |       |       |     2 |     2 |     1 |     4 |       ||     9
  Eat: Chunk             |     1 |     7 |     8 |    21 |    75 |    33 |    37 |    42 |     9 ||   233
       Ration            |       |     1 |     2 |     7 |    20 |    13 |     7 |     8 |     3 ||    61
Armor: Robe              |     4 |    21 |    10 |    42 |    10 |       |       |       |       ||    87
       Skin              |       |       |       |       |     5 |       |       |     2 |       ||     7
       Scale mail        |       |       |       |       |   286 |   381 |   294 |   260 |    16 ||  1237
Dodge: Dodged            |     8 |    57 |    83 |   240 |   743 |   589 |   351 |   530 |    42 ||  2643
Block: Buckler           |       |       |       |       |    47 |   251 |   178 |       |       ||   476
       Kite shield       |       |       |       |       |       |       |    56 |   481 |    33 ||   570

Table legend:
 A = Non-vault XP
 B = Vault XP
 C = Vault XP percentage of total XP
 D = Non-vault monster count
 E = Vault monster count
 F = Vault count percentage of total count
                 A         B        C        D         E       F
            +---------+---------+-------+---------+---------+-------
      Total |  718031 |  585237 |  44.9 |    1477 |     625 |  29.7
            +---------+---------+-------+---------+---------+-------
        D:1 |      49 |       4 |   7.5 |      22 |       3 |  12.0
        D:2 |      54 |      37 |  40.7 |      10 |       1 |   9.1
        D:3 |     148 |      22 |  12.9 |      24 |      11 |  31.4
        D:4 |     482 |     223 |  31.6 |      16 |       1 |   5.9
        D:5 |     263 |     593 |  69.3 |      11 |       1 |   8.3
        D:6 |     442 |     149 |  25.2 |      12 |       3 |  20.0
        D:7 |     994 |       0 |   0.0 |      14 |       0 |   0.0
        D:8 |    3496 |     111 |   3.1 |      27 |       1 |   3.6
        D:9 |    1585 |    3686 |  69.9 |      26 |       7 |  21.2
       D:10 |    1222 |       0 |   0.0 |      12 |       0 |   0.0
       D:11 |     728 |       0 |   0.0 |      10 |       0 |   0.0
       D:12 |    7482 |       0 |   0.0 |      52 |       0 |   0.0
       D:13 |    7558 |       0 |   0.0 |      36 |       0 |   0.0
       D:14 |    7013 |    1808 |  20.5 |      31 |       2 |   6.1
       D:15 |    5230 |    1996 |  27.6 |      20 |       2 |   9.1
     Lair:1 |    5400 |       0 |   0.0 |      27 |       0 |   0.0
     Lair:2 |    6020 |    3541 |  37.0 |      24 |      14 |  36.8
     Lair:3 |    4512 |      88 |   1.9 |      17 |       1 |   5.6
     Lair:4 |     866 |    3437 |  79.9 |       8 |      10 |  55.6
     Lair:5 |    2649 |    1315 |  33.2 |      13 |       1 |   7.1
     Lair:6 |    5396 |   11258 |  67.6 |      21 |      38 |  64.4
    Swamp:1 |   12495 |    2205 |  15.0 |      30 |       2 |   6.2
    Swamp:2 |   17482 |    2083 |  10.6 |      46 |       1 |   2.1
    Swamp:3 |   10743 |       0 |   0.0 |      21 |       0 |   0.0
    Swamp:4 |   10389 |   14424 |  58.1 |      24 |      20 |  45.5
   Spider:1 |   10275 |    1718 |  14.3 |      31 |       5 |  13.9
   Spider:2 |   11152 |       0 |   0.0 |      36 |       0 |   0.0
   Spider:3 |    9492 |    1889 |  16.6 |      26 |       1 |   3.7
   Spider:4 |   20592 |   24680 |  54.5 |      49 |      49 |  50.0
      Orc:1 |    3271 |     831 |  20.3 |      43 |       1 |   2.3
      Orc:2 |    1485 |    5162 |  77.7 |      23 |      34 |  59.6
      Elf:1 |   12566 |    9355 |  42.7 |      18 |      19 |  51.4
      Elf:2 |   16774 |    5335 |  24.1 |      26 |       2 |   7.1
      Elf:3 |   21187 |   50545 |  70.5 |      37 |      34 |  47.9
   Vaults:1 |   27844 |   23144 |  45.4 |      59 |      39 |  39.8
   Vaults:2 |   40062 |   35500 |  47.0 |      79 |      49 |  38.3
   Vaults:3 |   25782 |    5932 |  18.7 |      46 |      11 |  19.3
   Vaults:4 |   25117 |   40189 |  61.5 |      57 |      41 |  41.8
   Depths:1 |   28988 |    6610 |  18.6 |      29 |      10 |  25.6
   Depths:2 |   22400 |   31645 |  58.6 |      21 |      26 |  55.3
   Depths:3 |   39545 |   14778 |  27.2 |      56 |      14 |  20.0
   Depths:4 |   40496 |    7334 |  15.3 |      39 |      10 |  20.4
   Depths:5 |   58893 |   27425 |  31.8 |      48 |      16 |  25.0
      Zot:2 |    7623 |       0 |   0.0 |       4 |       0 |   0.0
      Zot:3 |     454 |       0 |   0.0 |       1 |       0 |   0.0
      Zot:4 |   68348 |    7587 |  10.0 |      41 |       3 |   6.8
      Zot:5 |   31287 |  194675 |  86.2 |      16 |      44 |  73.3
    Abyss:1 |   16647 |       0 |   0.0 |      12 |       0 |   0.0
    Abyss:2 |   26427 |     120 |   0.5 |      59 |       1 |   1.7
    Abyss:3 |   38626 |    9083 |  19.0 |      67 |      12 |  15.2
    Abyss:4 |       0 |    1732 | 100.0 |       0 |       2 | 100.0
    Volcano |       0 |    5143 | 100.0 |       0 |      18 | 100.0
     WizLab |       0 |   24395 | 100.0 |       0 |      53 | 100.0
   Gauntlet |       0 |    3450 | 100.0 |       0 |      12 | 100.0
            +---------+---------+-------+---------+---------+-------
